[Event "ICC tourney 1914 (45 10)"]
[Site "Internet Chess Club"]
[Date "2020.07.12"]
[Round "3"]
[White "Han366"]
[Black "OnGoldenPawn"]
[Result "1-0"]
[ICCResult "Black resigns"]
[WhiteElo "1624"]
[BlackElo "1929"]
[Opening "King's Indian: S?misch, 5...O-O"]
[ECO "E81"]
[NIC "KI.48"]
[Time "16:01:24"]
[TimeControl "2700+10"]

1. d4 g6 2. c4 Bg7 3. Nc3 Nf6 4. e4 d6 5. f3 O-O 6. Be3 Nbd7 7. Bd3 e5 8. d5
a6 9. Nge2 b6 10. Qd2 Nc5 11. Bc2 Bd7 12. b4 Nb7 13. O-O a5 14. a3 axb4 15.
axb4 Qe7 16. Bg5 Rfb8 17. Kh1 Qf8 18. Bd3 Rxa1 19. Rxa1 Ra8 20. Qb2 c5 21.
b5 Qb8 22. Nc1 h6 23. Be3 Rxa1 24. Qxa1 Na5 25. Qa2 Ne8 26. Nb3 Nxb3 27.
Qxb3 Nc7 28. Qa2 Qa8 29. Bf2 Qxa2 30. Nxa2 f5 31. Nc3 f4 32. Na4 Na8 33. Bf1
g5 34. g3 fxg3 35. hxg3 g4 36. Be2 h5 37. Kg2 Bh6 38. Nb2 Kg7 39. Nd1 Kg6
40. Ne3 gxf3+ 41. Bxf3 Bxe3 42. Bxe3 Nc7 43. Kh2 Bg4 44. Kg2 Bxf3+ 45. Kxf3
Ne8 46. Bf2 Nf6 47. Bg1 Ng4 48. Kg2 Kg5 49. Kf3 h4 50. gxh4+ Kxh4 51. Kg2
Nf6 52. Kf3 Kh5 53. Be3 Ng4 54. Bd2 Nh2+ 55. Kg2 Ng4 56. Kf3 Nf6 57. Be3 Kg6
58. Bd2 Nh7 59. Kg4 Nf6+ 60. Kf3 Ng8 61. Kg4 Nf6+ 62. Kf3 Nh7 63. Ba5 Ng5+
64. Ke3 Nf7 65. Bxb6 Kg5 66. Bc7 {Black resigns} 1-0

[Event "ICC tourney 1914 (45 10)"]
[Site "Internet Chess Club"]
[Date "2020.07.12"]
[Round "3"]
[White "DonnieDarkoUS"]
[Black "farnoo"]
[Result "0-1"]
[ICCResult "White resigns"]
[WhiteElo "1332"]
[BlackElo "1673"]
[Opening "Philidor: exchange variation"]
[ECO "C41"]
[NIC "KP.08"]
[Time "16:01:21"]
[TimeControl "2700+10"]

1. e4 e5 2. Nf3 d6 3. d4 exd4 4. Nxd4 Nf6 5. Nc3 Nc6 6. Bb5 Bd7 7. O-O Be7
8. Be3 O-O 9. Qd2 Ng4 10. Bf4 Nxd4 11. Bxd7 Qxd7 12. Qxd4 Bf6 13. Qd3 Rfe8
14. Rfe1 Re6 15. h3 Ne5 16. Bxe5 Bxe5 17. Rad1 Rg6 18. Re3 Qe6 19. Qd5 Qc8
20. Rf3 Re6 21. Ne2 Bxb2 22. c3 Ba3 23. Nd4 Re7 24. Nf5 Rd7 25. Rg3 g6 26.
Rdd3 c6 27. Qd4 Qf8 28. Qf6 d5 29. exd5 cxd5 30. Rd4 Be7 31. Qe5 Bd6 32.
Nxd6 Qxd6 33. Re3 Qxe5 34. Rxe5 Rad8 35. h4 f6 36. Re3 Kf7 37. g4 Rc7 38.
Kg2 Rc5 39. Kf3 Ra5 40. a4 Rc5 41. Red3 Ke6 42. Kf4 Rdc8 43. c4 Rxc4 44.
Re3+ Kd6 45. Rd3 Rxd4+ 46. Rxd4 Rc4 47. Ke3 Rxd4 48. Kxd4 b6 49. f4 a6 50.
f5 gxf5 51. gxf5 b5 52. a5 b4 53. h5 b3 54. Kc3 Ke5 55. Kxb3 Kxf5 56. Kb4
Ke4 57. Kc5 d4 58. Kb6 d3 59. Kxa6 d2 60. Kb7 d1=Q {White resigns} 0-1

[Event "ICC tourney 1914 (45 10)"]
[Site "Internet Chess Club"]
[Date "2020.07.12"]
[Round "3"]
[White "geeleong"]
[Black "knighthawkmill"]
[Result "0-1"]
[ICCResult "White resigns"]
[WhiteElo "1613"]
[BlackElo "1655"]
[Opening "Queen's pawn game"]
[ECO "A45"]
[NIC "QP.07"]
[Time "16:01:36"]
[TimeControl "2700+10"]

1. d4 Nf6 2. e3 d6 3. Nf3 g6 4. c4 Bg7 5. Nc3 O-O 6. Bd3 Nc6 7. a3 e5 8. d5
Ne7 9. e4 Nh5 10. O-O a6 11. h3 Qe8 12. Be2 Nf4 13. Bxf4 exf4 14. Qd2 f5 15.
Qxf4 fxe4 16. Qxe4 Bf5 17. Qe3 h6 18. Rfe1 Qf7 19. Nd4 Bd7 20. Ne6 Nf5 21.
Qe4 Rae8 22. Bd3 Be5 23. Rf1 c6 24. Qg4 Bxe6 25. dxe6 Rxe6 26. Bxf5 Qxf5 27.
Qxf5 Rxf5 28. Rae1 Kf7 29. Nd1 Bd4 30. b3 a5 31. g3 Bc5 32. a4 Rfe5 33. Rxe5
Rxe5 34. Kg2 Re2 35. Kf3 Rd2 36. Ke4 Rd4+ 37. Kf3 Rd3+ 38. Ne3 Rxb3 39. h4
Ra3 40. g4 Rxa4 41. h5 Bxe3 42. hxg6+ Kxg6 43. fxe3 Rxc4 {White resigns} 0-1

[Event "ICC tourney 1914 (45 10)"]
[Site "Internet Chess Club"]
[Date "2020.07.12"]
[Round "4"]
[White "PawnGrabber"]
[Black "Elenasht"]
[Result "1-0"]
[ICCResult "Black checkmated"]
[WhiteElo "1687"]
[BlackElo "1279"]
[Opening "Sicilian: Smith-Morra gambit"]
[ECO "B21"]
[NIC "SI.48"]
[Time "18:30:23"]
[TimeControl "2700+10"]

1. e4 c5 2. d4 cxd4 3. c3 dxc3 4. Nxc3 e6 5. Nf3 d6 6. Bc4 a6 7. O-O b5 8.
Bb3 Bb7 9. Qe2 Be7 10. Rd1 b4 11. Na4 Qc7 12. Bf4 e5 13. Rac1 Qd8 14. Nxe5
Qa5 15. Nxf7 Nf6 16. Nxh8 Nc6 17. Nf7 d5 18. exd5 Nxd5 19. Rxd5 Qxd5 20.
Bxd5 Nd4 21. Qe4 Bxd5 22. Nd6+ Kf8 23. Qxd5 Ne2+ 24. Kf1 Nxf4 25. Qf7#
{Black checkmated}
1-0

[Event "ICC tourney 1914 (45 10)"]
[Site "Internet Chess Club"]
[Date "2020.07.12"]
[Round "4"]
[White "MonkeyTown"]
[Black "barrymax"]
[Result "0-1"]
[ICCResult "White resigns"]
[WhiteElo "1424"]
[BlackElo "1440"]
[Opening "Philidor: exchange variation"]
[ECO "C41"]
[NIC "KP.08"]
[Time "18:30:23"]
[TimeControl "2700+10"]

1. e4 e5 2. Nf3 d6 3. d4 exd4 4. Bc4 c5 5. c3 Nc6 6. O-O Ne5 7. Be2 Be7 8.
cxd4 Nxf3+ 9. Bxf3 Nf6 10. Nc3 cxd4 11. Qxd4 O-O 12. Bf4 Qb6 13. Qxb6 axb6
14. Rfd1 Rd8 15. Re1 Be6 16. Nb5 Rxa2 17. Rxa2 Bxa2 18. Nc3 Be6 19. Nb5 Ne8
20. Nd4 g6 21. Nb5 Bd7 22. Nc3 Bc6 23. Nd5 Bf6 24. Nxf6+ Nxf6 25. Bg5 Kg7
26. h3 Re8 27. Bxf6+ Kxf6 28. Kf1 Re5 29. g3 Rb5 30. Rb1 Rb4 {White resigns}
0-1

[Event "ICC tourney 1914 (45 10)"]
[Site "Internet Chess Club"]
[Date "2020.07.12"]
[Round "4"]
[White "farnoo"]
[Black "Lee-D"]
[Result "1-0"]
[ICCResult "Black resigns"]
[WhiteElo "1681"]
[BlackElo "1320"]
[Opening "Benko's opening"]
[ECO "A00"]
[NIC "VO.09"]
[Time "18:30:24"]
[TimeControl "2700+10"]

1. g3 d5 2. Bg2 Nf6 3. d4 Bf5 4. Nc3 e6 5. e3 c5 6. Nge2 cxd4 7. exd4 Nc6 8.
Bf4 Bb4 9. O-O O-O 10. a3 Ba5 11. b4 Bb6 12. Na4 Bc7 13. Nc5 Bxf4 14. Nxf4
Qc7 15. Rc1 b6 16. Nb3 Rac8 17. c4 Qd7 18. cxd5 Nxd5 19. Nxd5 exd5 20. Qd2
Rfe8 21. Rfe1 Rxe1+ 22. Rxe1 Be6 23. Nc1 b5 24. Nd3 Qd6 25. Nc5 Re8 26. Qd3
g6 27. Nxe6 Rxe6 28. Rxe6 Qxe6 29. Qxb5 Qe1+ 30. Bf1 Nxd4 31. Qxd5 Qd1 32.
Kg2 Qg4 33. Bc4 Ne6 34. h3 Nf4+ 35. Kg1 Nxh3+ 36. Kf1 Qf5 37. Qxf5 gxf5 38.
f4 Kg7 39. Kg2 Nxf4+ 40. gxf4 Kg6 41. Kh3 f6 42. Kh4 h6 43. b5 Kg7 44. Kh5
Kf8 45. Kxh6 Ke7 46. Kg6 Kd6 47. Kxf5 Kc5 48. Be2 Kb6 49. Kxf6 Ka5 50. Ke7
Ka4 51. f5 Kxa3 52. f6 Kb4 53. f7 a5 54. bxa6 Ka5 55. a7 {Black resigns} 1-0

[Event "ICC tourney 1914 (45 10)"]
[Site "Internet Chess Club"]
[Date "2020.07.12"]
[Round "4"]
[White "fideuscf"]
[Black "dce"]
[Result "0-1"]
[ICCResult "White resigns"]
[WhiteElo "1481"]
[BlackElo "1522"]
[Opening "English opening"]
[ECO "A16"]
[NIC "EO.64"]
[Time "18:30:36"]
[TimeControl "2700+10"]

1. c4 Nf6 2. Nc3 g6 3. d3 Bg7 4. e4 d6 5. h3 e5 6. g3 O-O 7. Bg2 Be6 8. Nge2
Qd7 9. Be3 c6 10. Rc1 d5 11. cxd5 cxd5 12. Bg5 d4 13. Bxf6 Bxf6 14. Nd5 Bxd5
15. exd5 Qd6 16. O-O Nd7 17. b3 Rac8 18. Qd2 Nb6 19. Rxc8 Rxc8 20. Rc1 Rxc1+
21. Qxc1 Qd7 22. Kh2 Nxd5 23. Bxd5 Qxd5 24. Qc8+ Kg7 25. Qc4 Qxc4 26. bxc4
Be7 27. a4 f5 28. f4 exf4 29. Nxf4 Kf7 30. Ne2 Bc5 31. Kg2 g5 32. Kf3 Kf6
33. g4 f4 34. Ke4 Ke6 35. Nxd4+ Bxd4 36. Kxd4 Kd6 37. c5+ Kc6 38. Ke4 Kxc5
39. h4 h6 40. hxg5 hxg5 41. d4+ Kd6 42. a5 b6 43. axb6 axb6 44. d5 b5 45.
Kd4 b4 {White resigns} 0-1

[Event "ICC tourney 1914 (45 10)"]
[Site "Internet Chess Club"]
[Date "2020.07.12"]
[Round "4"]
[White "grant60"]
[Black "BillietheKid"]
[Result "1-0"]
[ICCResult "Black resigns"]
[WhiteElo "1398"]
[BlackElo "1509"]
[Opening "QGD Slav: 4.e3"]
[ECO "D11"]
[NIC "QP.08"]
[Time "18:34:16"]
[TimeControl "2700+10"]

1. d4 d5 2. Nf3 Nf6 3. e3 c6 4. c4 Bg4 5. Nc3 e6 6. Bd2 Ne4 7. cxd5 exd5 8.
Be2 Be7 9. O-O Nd7 10. Rc1 Ndf6 11. Be1 O-O 12. Ne5 Bxe2 13. Qxe2 Bd6 14. f3
Ng5 15. h4 Ne6 16. g4 h6 17. Bg3 Re8 18. Qf2 Nh7 19. Rcd1 Nhf8 20. e4 f6 21.
Nd3 Bxg3 22. Qxg3 Nxd4 23. Nf4 Nc2 24. Ng2 Qb6+ 25. Qf2 Qxb2 26. Rc1 Qxc3
27. Rxc2 Qe5 28. exd5 Qxd5 29. Rb1 b6 30. Rbc1 c5 31. a4 Re6 32. Nf4 Qd6 33.
Nxe6 Nxe6 34. Rd2 Qf4 35. Rcd1 Qxa4 36. Rd6 Nf4 37. Qe3 Ng6 38. Qe6+ Kh7 39.
h5 Nf8 40. Qf5+ Kg8 41. Re1 Re8 42. Red1 Qc4 43. f4 Re4 44. Rd8 Rxf4 45.
Rxf8+ Kxf8 46. Rd8+ {Black resigns} 1-0

[Event "ICC tourney 1914 (45 10)"]
[Site "Internet Chess Club"]
[Date "2020.07.12"]
[Round "4"]
[White "knighthawkmill"]
[Black "chessbyte"]
[Result "1-0"]
[ICCResult "Black checkmated"]
[WhiteElo "1721"]
[BlackElo "1649"]
[Opening "King's Indian: Kramer system"]
[ECO "E70"]
[NIC "KI.31"]
[Time "18:30:26"]
[TimeControl "2700+10"]

1. d4 Nf6 2. c4 g6 3. Nc3 Bg7 4. e4 d6 5. Nge2 O-O 6. Ng3 e5 7. d5 Nbd7 8.
Be2 a5 9. h4 h5 10. Bg5 Nc5 11. Bxh5 gxh5 12. Nxh5 Ncd7 13. Qf3 Qe8 14.
Nxf6+ Nxf6 15. Bxf6 Bxf6 16. Qxf6 Bd7 17. O-O-O Kh7 18. Rd3 Rg8 19. Rg3 Rxg3
20. fxg3 Qg8 21. Rf1 Rf8 22. Rf3 Bg4 23. Re3 Bh5 24. Kd2 Qg4 25. Qe7 Rg8 26.
Qxc7 Rc8 27. Qxd6 Rxc4 28. Qxe5 Rxc3 29. Kxc3 Qc8+ 30. Kd2 Bg6 31. h5 Qc5
32. hxg6+ fxg6 33. Qc3 Qb6 34. g4 Kg8 35. Rf3 Qg1 36. Qc8+ Kg7 37. Qd7+ Kh6
38. Rh3+ Kg5 39. Qe7+ Kf4 40. Qf6+ Kxe4 41. Qxg6+ Kxd5 42. Rh5+ Kc4 43. Qd3+
Kb4 44. Qb3# {Black checkmated} 1-0

[Event "ICC tourney 1914 (45 10)"]
[Site "Internet Chess Club"]
[Date "2020.07.12"]
[Round "4"]
[White "GReinhart"]
[Black "snifflingalloy6"]
[Result "0-1"]
[ICCResult "White resigns"]
[WhiteElo "1287"]
[BlackElo "1421"]
[Opening "English opening"]
[ECO "A13"]
[NIC "EO.64"]
[Time "18:31:19"]
[TimeControl "2700+10"]

1. c4 e6 2. g3 d5 3. cxd5 exd5 4. Bg2 Nf6 5. d4 h6 6. Nc3 c6 7. Nf3 Bd6 8.
O-O O-O 9. Nd2 Bf5 10. e4 dxe4 11. Ndxe4 Nxe4 12. Nxe4 Bc7 13. Nc3 Qd7 14.
Re1 Na6 15. a3 Bb6 16. d5 cxd5 17. Qxd5 Nc5 18. Qxd7 Bxd7 19. b4 Nd3 20. Re7
Bxf2+ 21. Kh1 Bc6 22. Bxc6 bxc6 23. Be3 Rfe8 24. Rxe8+ Rxe8 25. Bxf2 Nxf2+
26. Kg2 Ne4 27. Re1 Nd6 28. Rxe8+ Nxe8 29. Ne4 Kf8 30. Kf3 Ke7 31. Ke3 Nd6
32. Nc5 Nc4+ 33. Kd4 Nxa3 34. Na6 Kd6 35. Kc3 Nb5+ 36. Kc4 Nc7 37. Nc5 Nd5
38. Nb3 Ne3+ 39. Kd4 Nf1 40. Kd3 Nxh2 41. Nd4 g6 42. b5 h5 43. Nxc6 Nf1 44.
Nxa7 Kc5 45. Ke4 Nxg3+ 46. Ke5 g5 47. Nc6 h4 48. Nd4 g4 49. b6 Kxb6 50. Kf4
f5 51. Ne6 Ne2+ 52. Kxf5 h3 53. Kxg4 h2 {White resigns} 0-1

[Event "ICC tourney 1914 (45 10)"]
[Site "Internet Chess Club"]
[Date "2020.07.12"]
[Round "4"]
[White "DonnieDarkoUS"]
[Black "geeleong"]
[Result "0-1"]
[ICCResult "White checkmated"]
[WhiteElo "1329"]
[BlackElo "1623"]
[Opening "Scandinavian: Marshall variation"]
[ECO "B01"]
[NIC "SD.03"]
[Time "18:40:12"]
[TimeControl "2700+10"]

1. e4 d5 2. exd5 Nf6 3. d4 Nxd5 4. Nf3 c6 5. Be2 Bf5 6. c3 e6 7. O-O Bd6 8.
Nbd2 Nf4 9. Nc4 Nxe2+ 10. Qxe2 Bc7 11. Bg5 f6 12. Be3 Bg6 13. Rad1 O-O 14.
Bc1 Bf7 15. Rfe1 Re8 16. b3 Nd7 17. Ba3 Nf8 18. Nfe5 fxe5 19. dxe5 Qg5 20.
Bd6 Bd8 21. Bxf8 Rxf8 22. Nd6 Bh5 23. Qc4 Qg4 24. Rd4 Qg6 25. Rd3 Bb6 26.
Ne4 Bf3 27. Nf6+ Rxf6 28. Rxf3 Rxf3 29. Rf1 Raf8 30. Qe2 Rxf2 31. Rxf2 Qb1+
32. Qf1 Bxf2+ 33. Kh1 Qxf1# {White checkmated} 0-1

[Event "ICC tourney 1914 (45 10)"]
[Site "Internet Chess Club"]
[Date "2020.07.12"]
[Round "4"]
[White "WallyCleaver"]
[Black "Han366"]
[Result "0-1"]
[ICCResult "White resigns"]
[WhiteElo "1536"]
[BlackElo "1674"]
[Opening "French: Winawer, advance, poisoned pawn, Konstantinopolsky variation"]
[ECO "C18"]
[NIC "FR.11"]
[Time "18:30:34"]
[TimeControl "2700+10"]

1. e4 e6 2. d4 d5 3. Nc3 Bb4 4. e5 c5 5. a3 Bxc3+ 6. bxc3 Ne7 7. Qg4 Qc7 8.
Qxg7 Rg8 9. Qxh7 cxd4 10. Ne2 Nbc6 11. f4 Bd7 12. Qd3 dxc3 13. Nxc3 a6 14.
Bd2 O-O-O 15. h3 Na5 16. g4 Bc6 17. Bg2 Nf5 18. g5 Nh4 19. Bf1 Nc4 20. Bc1
Qa5 21. Kd1 Qc5 22. Be2 Nf5 23. Bf3 Rh8 24. Ke1 Rh4 25. Nd1 Rdh8 26. Bg2 Rd8
27. Rf1 d4 28. Bxc6 Qxc6 29. Qf3 Rd5 30. Rb1 Nce3 31. Bxe3 dxe3 32. c3 Qc5
33. Nxe3 Qxe3+ 34. Qxe3 Nxe3 35. Rf3 Nc4 36. a4 Kc7 37. Rb4 Nb6 38. Rd4 Rxd4
39. cxd4 Nxa4 40. Kd2 Kc6 41. Kd3 Kd5 42. f5 Rxd4+ 43. Kc2 Kxe5 44. g6 fxg6
45. fxg6 Rd8 46. h4 Nc5 47. h5 Rg8 48. Rf7 Ne4 49. g7 Ng5 50. Rxb7 Kf6 51.
Ra7 Rxg7 52. Rxa6 Rh7 53. Ra1 Rxh5 54. Rf1+ Ke7 55. Rf2 Rh3 56. Re2 Kf6 57.
Rf2+ Rf3 58. Rxf3+ Nxf3 59. Kd3 Ke5 60. Ke3 Ng5 61. Kf2 Kd4 62. Ke2 e5 63.
Kd2 e4 64. Ke2 Nh3 65. Kd2 e3+ 66. Ke2 Nf4+ {White resigns} 0-1